 Dungeon Crawl Stone Soup version 0.29.0-11-gd7f09526c8 (webtiles) character file.

Game seed: 15143228704973907879

2100 Monkooky the Grappler (level 9, -3/80 HPs)
             Began as a Troll Berserker on Sept 4, 2022.
             Was a Priest of Trog.
             Slain by an unseen horror (10 damage)
             ... on level 7 of the Dungeon.
             The game lasted 00:09:41 (4890 turns).

Monkooky the Grappler (Troll Berserker)             Turns: 4890, Time: 00:09:42

Health: -3/80      AC:  4    Str: 29    XL:     9   Next: 7%
Magic:  8/8        EV: 10    Int:  3    God:    Trog [***...]
Gold:   190        SH:  0    Dex: 11    Spells: 8/8 levels left

rFire   . . .      SeeInvis .     - Unarmed
rCold   . . .      Faith    +   (no shield)
rNeg    . . .      Spirit   .   a - +0 animal skin
rPois   .          Reflect  .   (helmet restricted)
rElec   .          Harm     .   (no cloak)
rCorr   .          Rampage  .   (gloves unavailable)
Will    ++++.                   (boots unavailable)
Stlth   +.........              v - amulet of faith
HPRegen 2.03/turn               p - ring of willpower
MPRegen 0.11/turn               r - ring of willpower

@: strong-willed, regenerating
A: large, unfitting armour, claws 3, regeneration 1, shaggy fur 1, tough skin 1
a: Renounce Religion, Berserk, Trog's Hand


You were on level 7 of the Dungeon.
You worshipped Trog.
Trog was most pleased with you.
You visited 1 branch of the dungeon, and saw 7 of its levels.

You collected 351 gold pieces.
You spent 161 gold pieces at shops.

Inventory:

Missiles
 y - 4 boomerangs (quivered)
Armour
 a - a +0 animal skin (worn)
Jewellery
 b - a ring of positive energy
 p - a ring of willpower (left claw)
 r - a ring of willpower (right claw)
 s - a ring of resist corrosion
 v - an amulet of faith (around neck)
Wands
 n - a wand of paralysis (19)
 q - a wand of flame (10)
Scrolls
 c - a scroll of enchant weapon
 f - a scroll of acquirement
 g - 2 scrolls of poison
 j - 3 scrolls of enchant armour
 k - 2 scrolls of fog {unknown}
 l - a scroll of blinking
 o - 3 scrolls of teleportation
 w - a scroll of torment {unknown}
 x - a scroll of identify
 B - a scroll of vulnerability {unknown}
 D - a scroll of amnesia {unknown}
Potions
 d - 3 potions of curing {unknown}
 e - a potion of brilliance
 h - 2 potions of attraction
 i - 2 potions of heal wounds
 m - 3 potions of degeneration {unknown}
 t - a potion of haste {unknown}
 u - 3 potions of might {unknown}
 z - a potion of cancellation {unknown}
 A - a potion of flight {unknown}
 C - a potion of lignification {unknown}


   Skills:
 - Level 2.4 Fighting
 - Level 5.3 Throwing
 + Level 3.6 Dodging
 - Level 8.5 Unarmed Combat
 - Level 4.2 Evocations


You had 8 spell levels left.
You didn't know any spells.
Your spell library was empty.

Dungeon Overview and Level Annotations

Branches:
Dungeon (7/15)
 Temple: D:4-7

Altars:
Cheibriados
Elyvilon
Qazlal
Ru
Trog
Wu Jian
Zin
The Shining One

Shops:
D:5 ?   D:6 (


Innate Abilities, Weirdness & Mutations

You are too large for most types of armour.
You have claws for hands.
Your natural rate of healing is unusually fast.
You are covered in fur. (AC +1)
You have tough skin. (AC +1)


Message History

You scratch the scorpion but do no damage.
Your claw misses the scorpion.
The scorpion is severely wounded.
The scorpion barely misses you.
You mangle the scorpion!!
You kill the scorpion!
Trog accepts your kill.
No target in view!
HP restored.
C - an orange potion You see here a scorpion corpse.
Found an escape hatch in the floor.
Found a short sword.
Found two stone staircases leading down.
D - a scroll labelled AZIZ KUKU You now have 190 gold pieces (gained 11).
You see here a +0 short sword.
Found an escape hatch in the ceiling.
Something hits you.
Deactivating autopickup; reactivate with Ctrl-A.
Something hits you! Something hits you! Something hits you! Something hits you.
Something hits you. Something hits you! Something hits you! Something hits you!
* * * LOW HITPOINT WARNING * * *
Something completely misses you. Something hits you but does no damage.
You miss something. Your claw misses something. Something hits you!
* * * LOW HITPOINT WARNING * * *
Something hits you!
* * * LOW HITPOINT WARNING * * *
You scratch something. Something hits you.
* * * LOW HITPOINT WARNING * * *
Your skin crawls.
You feel strong-willed. Something hits you!
You die...

...# #>.# #.# #>.# ..
#..# .# #####..## ##.#
###.......######## #..#
.................####..#
#####......#####@{....##
#.......# ####....##
#.......## ##....#
##.......# ##....#
##....)..## ##.<..#
#...#.....# #....#
#...##....# .....#
##.######## ####.# ### #


There were no monsters in sight!

Vanquished Creatures
  A hornet (D:6)
  Sigmund (D:3)
  Menkaure (D:4)
  An orc warrior (D:6)
  2 ice beasts (D:6)
  A black bear (D:6)
  2 ogres (D:5)
  A phantom (D:6)
  A gnoll sergeant (D:6)
  3 scorpions
  2 howler monkeys
  4 hounds
  2 orc priests
  2 iguanas
  A jelly (D:4)
  Ijyb (D:3)
  Terence (D:3)
  Natasha (thrice) (D:2)
  An orc wizard (D:6)
  11 adders
  8 gnolls
  A shadow imp (D:6)
  2 worms (D:3)
  5 dart slugs
  12 orcs
  2 endoplasms
  2 giant cockroaches
  5 goblins
  13 hobgoblins
  10 jackals
  A quokka (D:1)
  11 ball pythons
  7 bats
  5 frilled lizards
  5 kobolds
  4 rats
135 creatures vanquished.

Notes
Turn   | Place    | Note
-------+----------+-------------------------------------------
     0 | D:1      | Monkooky the Troll Berserker began the quest for the Orb.
     0 | D:1      | Reached XP level 1. HP: 22/22 MP: 0/0
    44 | D:1      | Reached XP level 2. HP: 26/29 MP: 1/1
   251 | D:1      | Reached skill level 4 in Unarmed Combat
   337 | D:1      | Reached XP level 3. HP: 36/36 MP: 2/2
   462 | D:1      | Reached ** piety under Trog
   873 | D:2      | Noticed Natasha
   882 | D:2      | Reached XP level 4. HP: 35/44 MP: 3/3
   885 | D:2      | Killed Natasha
   886 | D:2      | Reached skill level 5 in Unarmed Combat
   997 | D:2      | Noticed Natasha
  1002 | D:2      | Killed Natasha
  1030 | D:2      | Reached XP level 5. HP: 50/50 MP: 4/4
  1113 | D:2      | Noticed Natasha
  1131 | D:2      | Killed Natasha
  1132 | D:2      | Reached skill level 6 in Unarmed Combat
  1836 | D:3      | Noticed Terence
  1842 | D:3      | Noticed Ijyb
  1843 | D:3      | Paralysed by Ijyb for 5 turns
  1852 | D:3      | Killed Ijyb
  1875 | D:3      | Found a snail-covered altar of Cheibriados.
  1883 | D:3      | Killed Terence
  1955 | D:3      | Reached XP level 6. HP: 59/59 MP: 5/5
  2191 | D:3      | Noticed Sigmund
  2198 | D:3      | Killed Sigmund
  2199 | D:3      | Reached skill level 7 in Unarmed Combat
  2410 | D:4      | Noticed Menkaure
  2421 | D:4      | Killed Menkaure
  2422 | D:4      | Reached skill level 8 in Unarmed Combat
  2422 | D:4      | Reached XP level 7. HP: 33/66 MP: 6/6
  2469 | D:4      | Reached *** piety under Trog
  2535 | D:4      | Reached skill level 1 in Evocations
  2619 | D:4      | Found a white marble altar of Elyvilon.
  2633 | D:4      | Found a stormy altar of Qazlal.
  2636 | D:4      | Found a sacrificial altar of Ru.
  2656 | D:4      | Found an ornate altar of the Wu Jian Council.
  3118 | D:5      | Entered Level 5 of the Dungeon
  3283 | D:5      | Reached XP level 8. HP: 74/74 MP: 7/7
  3287 | D:5      | Found a glowing golden altar of the Shining One.
  3324 | D:5      | Found Wolacoce's Magic Scroll Shoppe.
  3332 | D:5      | Bought a scroll of poison for 56 gold pieces
  3332 | D:5      | Bought a scroll of enchant armour for 105 gold pieces
  3333 | D:5      | Identified a scroll of acquirement
  3948 | D:6      | Found Ciby's Weapon Shoppe.
  3962 | D:6      | Reached skill level 1 in Throwing
  4099 | D:6      | Found a glowing silver altar of Zin.
  4105 | D:6      | Noticed a hornet
  4113 | D:6      | Killed a hornet
  4208 | D:6      | Found a bloodstained altar of Trog.
  4391 | D:6      | Reached skill level 5 in Throwing
  4529 | D:6      | Reached XP level 9. HP: 80/80 MP: 8/8
  4890 | D:7      | Slain by an unseen horror

Illustrated notes

Levels and vault maps discovered:
D:1:      lemuel_arrival_rhombus, layout_basic
D:2:      cheibrodos_greedy_goblins, layout_loops_cross, minmay_tripent,
          uniq_natasha
D:3:      layout_basic, mainiacjoe_overflow_brackets, uniq_ijyb, uniq_terence,
          uniq_sigmund
D:4:      layout_rooms, grunt_temple_overflow_cloverleaf, serial_corexii_hall,
          chequers_hall_statues_wall_a, corexii_hall_statues_x,
          corexii_hall_statues_t, corexii_hall_statues_s, uniq_menkaure
D:5:      layout_basic, tso_oasis_becter, serial_shops, nicolae_stop_n_shop_2,
          nicolae_zen_rock_garden, kennysheep_generic_room_9
D:6:      layout_gridville, mainiacjoe_overflow_chevrons,
          trog_three_pillars_becter, serial_shops,
          nicolae_shop_bloodbath_and_beyond, minmay_misc_feat_secret_circle,
          abandoned_shop
D:7:      layout_cave_pods, mainiacjoe_overflow_catwalk_spiral, temple_green

Skill      XL: |  1  2  3  4  5  6  7  8 |
---------------+-------------------------+-----
Unarmed Combat | 4 5 6 8 |  8.5
Evocations     | 3 4 |  4.2
Throwing       | 5 |  5.3
Dodging        | 3 |  3.6
Fighting       | |  2.4

Action                   |  1- 3 |  4- 6 |  7- 9 || total
-------------------------+-------+-------+-------++-------
Melee: Unarmed           |   111 |   132 |   142 ||   385
       Punch             |     3 |     6 |     6 ||    15
Throw: Boomerang         |       |       |    10 ||    10
Invok: Berserk           |       |     1 |     3 ||     4
       Trog's Hand       |       |       |     1 ||     1
Evoke: Wand              |       |     2 |    12 ||    14
  Use: Scroll            |       |       |     7 ||     7
 Stab: Paralysed         |       |       |     3 ||     3
Armor: Animal skin       |    34 |    55 |    24 ||   113
Dodge: Dodged            |    72 |    67 |    60 ||   199
